 Dungeon Crawl Stone Soup version 0.23.0 (webtiles) character file.

Game seed: 14352366918521893597

11953 Ancalimex the Thaumaturge (level 11, -2/54 HPs)
             Began as a Deep Elf Earth Elementalist on Feb 11, 2019.
             Was a High Priest of Sif Muna.
             Slain by a komodo dragon (21 damage)
             ... on level 1 of the Lair of Beasts.
             The game lasted 01:17:45 (13341 turns).

Ancalimex the Thaumaturge (DEEE)                   Turns: 13341, Time: 01:17:45

Health: -2/54      AC:  7    Str:  5    XL:     11   Next: 56%
Magic:  0/46       EV: 14    Int: 24    God:    Sif Muna [*****.]
Gold:   874        SH:  0    Dex: 15    Spells: 3/33 levels left

rFire    . . .     SeeInvis .   B - +3 short sword of Mastery {drain, rElec rN+}
rCold    . . .     Gourm    .   (no shield)
rNeg     + + .     Faith    .   n - +1 robe {rN+}
rPois    .         Spirit   +   K - +2 hat
rElec    +         Reflect  .   m - scarf {Spirit}
rCorr    .         Harm     .   (no gloves)
MR       +....                  j - +1 pair of boots
Stlth    ++........             a - amulet of magic regeneration
HPRegen  0.18/turn              g - ring of magical power
MPRegen  0.55/turn              x - ring of magical power

@: no status effects
A: no striking features
a: Divine Energy, Channel Magic, Forget Spell, Renounce Religion


You were on level 1 of the Lair of Beasts.
You worshipped Sif Muna.
Sif Muna was extremely pleased with you.
You were not hungry.

You visited 2 branches of the dungeon, and saw 12 of its levels.

You collected 874 gold pieces.

Inventory:

Hand Weapons
 s - a +1 dagger of chaos
 y - a +1 dagger of protection
 B - the +3 short sword of Mastery (weapon) {drain, rElec rN+}
   (You found it on level 7 of the Dungeon)

   A truly terrible weapon, it drains the life of those it strikes.
   It insulates you from electricity.
   It protects you from negative energy.
Missiles
 b - 113 stones (quivered)
Armour
 j - a +1 pair of boots (worn)
 m - a scarf of spirit shield (worn)
 n - a +1 robe of positive energy (worn)
 p - a +0 robe of cold resistance
 v - a +2 robe of fire resistance
 K - a +2 hat (worn)
Jewellery
 a - an amulet of magic regeneration (around neck)
 f - an uncursed ring of resist corrosion
 g - a ring of magical power (left hand)
 l - an uncursed amulet of harm
 x - a ring of magical power (right hand)
 D - an uncursed ring of fire
 I - an uncursed ring of stealth
 J - an uncursed amulet of the gourmand
 L - a +1 ring of evasion
 M - a +2 ring of strength {unknown}
 N - an uncursed amulet of regeneration
Wands
 q - a wand of disintegration (29)
 w - a wand of random effects (9)
 A - a wand of iceblast (13)
Scrolls
 c - 4 scrolls of remove curse
 o - a scroll of blinking
 C - 3 scrolls of magic mapping
 F - a scroll of amnesia
 G - a scroll of fog
 H - a scroll of teleportation
 O - a scroll of fear
 P - a scroll of random uselessness {unknown}
Potions
 e - a potion of might {unknown}
 h - 4 potions of lignification {unknown}
 i - 2 potions of curing
 k - 3 potions of brilliance {unknown}
 r - a potion of invisibility {unknown}
 t - 2 potions of degeneration {unknown}
 u - 3 potions of flight {unknown}
 z - 2 potions of agility {unknown}
 E - 3 potions of mutation {unknown}
Comestibles
 d - 6 rations


   Skills:
 - Level 0.2 Short Blades
 - Level 3.9 Dodging
 - Level 2.8 Stealth
 - Level 0.2 Unarmed Combat
 + Level 11.6 Spellcasting
 + Level 9.2 Conjurations
 + Level 6.8 Hexes
 + Level 9.3 Transmutations
 - Level 3.3 Air Magic
 + Level 10.1 Earth Magic


You had 3 spell levels left.
You knew the following spells:

 Your Spells              Type           Power        Failure   Level  Hunger
a - Sandblast             Erth           ######       1%          1    None
b - Passwall              Tmut/Erth      ######..     1%          2    None
c - Stone Arrow           Conj/Erth      ######       1%          3    None
d - Petrify               Tmut/Erth      ######..     1%          4    None
e - Lee's Rapid Deconstr  Erth           ######....   1%          5    ####...
f - Static Discharge      Conj/Air       #####...     1%          3    None
g - Tukima's Dance        Hex            #####...     1%          3    None
h - Swiftness             Chrm/Air       ###.....     3%          2    None
i - Gell's Gravitas       Tloc           ##........   14%         3    None
j - Leda's Liquefaction   Hex/Erth       ######....   1%          4    None

Your spell library contained the following spells:

 Spells                   Type           Power        Failure   Level  Hunger
 Confusing Touch          Hex            #####.       1%          1    None
 Corona                   Hex            #####..      1%          1    None
 Shock                    Conj/Air       ####         1%          1    None
 Ensorcelled Hibernation  Hex/Ice        ####..       1%          2    None
 Slow                     Hex            #####...     1%          2    None
 Confuse                  Hex            #####...     1%          3    None
 Dazzling Spray           Conj/Hex       ######       1%          3    None
 Inner Flame              Hex/Fire       ####....     3%          3    None
 Portal Projectile        Hex/Tloc       ####..       3%          3    None
 Summon Butterflies       Summ           ##......     4%          1    None
 Cause Fear               Hex            #####.....   2%          4    None
 Yara's Violent Unravell  Hex/Tmut       ######....   4%          5    ####...
 Lightning Bolt           Conj/Air       #####.....   10%         5    ####...
 Airstrike                Air            ####......   12%         4    None
 Metabolic Englaciation   Hex/Ice        ####......   30%         5    ####...


Dungeon Overview and Level Annotations

Branches:
Dungeon (11/15)            Temple (0/1) D:5            Lair (1/6) D:11
    Orc (0/2) D:10

Altars:
Gozag
Kikubaaqudgha
Makhleb
Sif Muna
Vehumet
Xom
Yredelemnul
The Shining One

Shops:
D:8 :

Annotations:
D:4 Natasha
D:10 zkyp's ghost, journeyman DDIE
Lair:1 exclusion: 2 oklob plants


Message History

Press: ? - help, Shift-Dir - straight line, f/p - komodo dragon
Aim: a komodo dragon (almost dead)
The blast of sand hits the komodo dragon but does no damage.
The komodo dragon is almost dead.
b - 113 stones The komodo dragon barely misses you.
Casting: Sandblast (safe; 1% risk of failure)
Confirm with . or Enter, or press ? or * to list all spells.
Aiming: Sandblast (safe; 1% risk of failure)
Press: ? - help, Shift-Dir - straight line, f/p - komodo dragon
Aim: a komodo dragon (almost dead)
Okay, then.
Casting: Sandblast (safe; 1% risk of failure)
Confirm with . or Enter, or press ? or * to list all spells.
Aiming: Sandblast (safe; 1% risk of failure)
Press: ? - help, Shift-Dir - straight line, f/p - komodo dragon
Aim: a komodo dragon (almost dead)
Okay, then.
You feel better. The komodo dragon bites you!!
You die...

#. .... #.. ....
#.#####..## ..
#.#.$.P...# ...
##.#.P$P...# ...#
#..# PP...##....
#..#####.........
#......@....#
#......l#..##
#.......#..#
#......##..####.P
..
#......##..#.##.#
..
#.........l.....#
..
#.......†####...#
.. #.........#
#...## ..
#......#.##
#....#####..


You could see a komodo dragon.

Vanquished Creatures
  A hydra (Lair:1)
  A two-headed ogre (D:9)
  An unseen horror (D:10)
  Pikel (D:5)
  A black mamba (Lair:1)
  3 spiny frogs (Lair:1)
  A komodo dragon (Lair:1)
  A centaur skeleton (D:11)
  A troll (D:10)
  Grinder (D:3)
  2 hippogriffs
  A wraith (D:11)
  9 yaks
  2 wyverns
  A steam dragon (D:9)
  Menkaure (D:4)
  2 water moccasins
  2 porcupines (Lair:1)
  3 ice beasts
  3 orc warriors
  A black bear (D:7)
  Purgy (D:4)
  4 phantoms
  2 necrophages
  2 slaves (D:5)
  3 ogres
  6 wolves
  3 centaurs
  2 crocodiles (Lair:1)
  Blork the orc (D:4)
  A gnoll sergeant (D:8)
  A bullfrog (D:6)
  5 scorpions
  4 killer bees (D:11)
  3 wights (D:11)
  A howler monkey (D:7)
  3 vampire bats (D:9)
  8 crimson imps
  A quasit (D:8)
  A lava snake (D:8)
  8 hounds
  4 orc priests
  2 jellies
  5 orc wizards
  2 bullfrog skeletons
  2 iguanas
  8 worker ants
  Natasha (D:4)
  A hound zombie (D:10)
  2 hound skeletons
  6 gnolls
  2 howler monkey skeletons
  13 adders
  3 shadow imps
  2 oozes
  2 worms
  A dart slug (D:3)
  5 leopard geckos
  25 orcs
  2 ball pythons
  3 bat skeletons (D:9)
  2 bat zombies (D:9)
  5 giant cockroaches
  10 goblins
  9 hobgoblins
  6 jackals
  2 quokkas
  12 bats
  6 frilled lizards
  9 kobolds
  A leopard gecko skeleton (D:5)
  2 rats (D:1)
254 creatures vanquished.

Vanquished Creatures (others)
  A bullfrog skeleton (D:5)
  A worker ant (D:5)
  A dart slug (D:5)
  An orc (D:5)
  A giant cockroach (D:5)
5 creatures vanquished.

Grand Total: 259 creatures vanquished

Notes
Turn   | Place    | Note
-------+----------+-------------------------------------------
     0 | D:1      | Ancalimex the Deep Elf Earth Elementalist began the quest
                  | for the Orb.
     0 | D:1      | Reached XP level 1. HP: 10/10 MP: 6/6
   528 | D:1      | Reached XP level 2. HP: 10/15 MP: 8/8
   627 | D:1      | Learned a level 2 spell: Passwall
  1733 | D:2      | Reached XP level 3. HP: 19/19 MP: 8/10
  1747 | D:1      | Learned a level 3 spell: Stone Arrow
  1922 | D:2      | Reached skill level 4 in Spellcasting
  1986 | D:2      | Reached XP level 4. HP: 23/24 MP: 8/12
  1996 | D:2      | Learned a level 4 spell: Petrify
  2540 | D:3      | Reached XP level 5. HP: 28/28 MP: 9/13
  2542 | D:3      | Noticed Grinder
  2556 | D:3      | Paralysed by Grinder for 2 turns
  2731 | D:3      | Paralysed by Grinder for 5 turns
  2737 | D:3      | Killed Grinder
  2737 | D:3      | Reached skill level 5 in Spellcasting
  2737 | D:3      | Reached XP level 6. HP: 23/32 MP: 10/15
  2901 | D:3      | Reached skill level 5 in Earth Magic
  3145 | D:3      | Noticed an ice beast
  3528 | D:3      | Learned a level 5 spell: Lee's Rapid Deconstruction
  3553 | D:3      | Killed an ice beast
  3553 | D:3      | Reached XP level 7. HP: 23/36 MP: 10/17
  3739 | D:4      | Noticed Purgy
  3747 | D:4      | Killed Purgy
  3747 | D:4      | Reached skill level 6 in Spellcasting
  4021 | D:4      | Noticed Blork the orc
  4029 | D:4      | Killed Blork the orc
  4221 | D:4      | Noticed Natasha
  4232 | D:4      | Killed Natasha
  4251 | D:4      | Found an opulent altar of Gozag.
  4302 | D:4      | Found a shimmering altar of Xom.
  4329 | D:4      | Noticed Natasha
  4470 | D:4      | Reached XP level 8. HP: 41/41 MP: 13/20
  4471 | D:4      | You fall through a shaft for 2 floors!
  4487 | D:6      | Reached skill level 7 in Spellcasting
  4548 | D:5      | Entered Level 5 of the Dungeon
  4551 | D:5      | Found a staircase to the Ecumenical Temple.
  4571 | D:4      | Noticed Menkaure
  4572 | D:4      | Killed Menkaure
  4801 | D:4      | Found a deep blue altar of Sif Muna.
  4807 | D:4      | Became a worshipper of Sif Muna the Loreminder
  4811 | D:4      | Reached skill level 5 in Transmutations
  4863 | D:4      | Identified Sif Muna's Collected Works on Calling
  4889 | D:4      | Learned a level 3 spell: Static Discharge
  6529 | D:5      | Reached skill level 5 in Conjurations
  6569 | D:5      | Noticed Pikel
  6597 | D:5      | Killed Pikel
  6597 | D:5      | Reached * piety under Sif Muna
  6597 | D:5      | Reached skill level 8 in Spellcasting
  6597 | D:5      | Reached XP level 9. HP: 18/45 MP: 1/23
  7449 | D:6      | Reached skill level 1 in Air Magic
  7746 | D:6      | Found a glowing golden altar of the Shining One.
  7751 | D:6      | Found a basalt altar of Yredelemnul.
  8251 | D:7      | Reached skill level 9 in Spellcasting
  8465 | D:7      | Got a steaming short sword
  8466 | D:7      | Identified the +3 short sword of Mastery {drain, rElec rN+}
                  | (You found it on level 7 of the Dungeon)
  8855 | D:8      | Reached ** piety under Sif Muna
  9013 | D:8      | Found a radiant altar of Vehumet.
  9280 | D:8      | Found Qideinn's Book Shop.
  9753 | D:9      | Found an ancient bone altar of Kikubaaqudgha.
  9788 | D:9      | Learned a level 3 spell: Tukima's Dance
  9802 | D:9      | Reached *** piety under Sif Muna
  9802 | D:9      | Reached XP level 10. HP: 50/50 MP: 23/25
  9985 | D:9      | Reached skill level 1 in Hexes
 10303 | D:9      | Found a burning altar of Makhleb.
 10459 | D:10     | Entered Level 10 of the Dungeon
 10572 | D:10     | Noticed a two-headed ogre
 10698 | D:9      | Killed a two-headed ogre
 10698 | D:9      | Reached skill level 10 in Spellcasting
 10717 | D:9      | Learned a level 2 spell: Swiftness
 10915 | D:10     | Found a staircase to the Orcish Mines.
 10962 | D:10     | Noticed zkyp's ghost (journeyman DDIE)
 10966 | D:10     | Got a translucent whip
 10972 | D:10     | Found a runed translucent door.
 11032 | D:10     | Reached **** piety under Sif Muna
 11132 | D:10     | Killed an unseen horror
 11193 | D:10     | Learned a level 3 spell: Gell's Gravitas
 11400 | D:10     | Reached skill level 5 in Hexes
 11963 | D:11     | Reached XP level 11. HP: 54/54 MP: 27/27
 12211 | D:11     | Reached skill level 11 in Spellcasting
 12481 | D:11     | Found a staircase to the Lair.
 12494 | Lair:1   | Entered Level 1 of the Lair of Beasts
 12496 | Lair:1   | Reached ***** piety under Sif Muna
 12578 | Lair:1   | Received a gift from Sif Muna
 12585 | Lair:1   | Learned a level 4 spell: Leda's Liquefaction
 12675 | Lair:1   | Noticed an oklob plant
 12675 | Lair:1   | Noticed an oklob plant
 12857 | Lair:1   | Noticed a seven-headed hydra
 13150 | Lair:1   | Reached skill level 10 in Earth Magic
 13196 | Lair:1   | Killed a seven-headed hydra
 13341 | Lair:1   | Slain by a komodo dragon

Skill      XL: |  1  2  3  4  5  6  7  8  9 10 11 |
---------------+----------------------------------+-----
Dodging        | 3 |  3.9
Spellcasting   | 4 5 6 8 9 10 11 | 11.6
Earth Magic    | 4 5 6 7 8 9 10 | 10.1
Conjurations   | 2 3 4 5 7 8 9 |  9.2
Transmutations | 2 3 4 5 7 8 9 |  9.3
Air Magic      | 3 |  3.3
Hexes          | 5 6 |  6.8
Short Blades   | |  0.2
Stealth        | |  2.8
Unarmed Combat | |  0.2

Action                   |  1- 3 |  4- 6 |  7- 9 | 10-12 || total
-------------------------+-------+-------+-------+-------++-------
Melee: Dagger            |   130 |    31 |    22 |       ||   183
       Unarmed           |    19 |       |       |       ||    19
       Short sword       |       |       |       |    21 ||    21
 Cast: Sandblast         |    18 |    25 |    22 |    68 ||   133
       Stone Arrow       |     3 |    69 |   113 |    99 ||   284
       Passwall          |       |       |     8 |     1 ||     9
       Petrify           |       |       |     5 |    18 ||    23
       Static Discharge  |       |       |    10 |     1 ||    11
       Lee's Rapid Decon |       |       |    14 |    21 ||    35
       Swiftness         |       |       |       |     4 ||     4
       Tukima's Dance    |       |       |       |     3 ||     3
       Gell's Gravitas   |       |       |       |     2 ||     2
  Use: Scroll            |     3 |     5 |     8 |     7 ||    23
       Potion            |       |       |     1 |     6 ||     7
 Stab: Sleeping          |       |       |     1 |       ||     1
  Eat: Chunk             |     4 |     8 |     8 |     9 ||    29
       Ration            |       |       |     4 |     2 ||     6
Armor: Robe              |    39 |     6 |    10 |    23 ||    78
Dodge: Dodged            |   147 |    49 |    51 |    76 ||   323
